 Dungeon Crawl Stone Soup version 0.30.1-3-gfc49f6343a (webtiles) character file.

Game seed: 17105650301952813623

17405 javelincjr the Fighter (level 12, -39/99 HPs)
             Began as a Demonspawn Gladiator on July 18, 2023.
             Was a High Priest of Makhleb.
             Killed from afar by a frost giant (47 damage)
             ... with a bolt of cold
             ... in an ice cave.
             The game lasted 00:50:18 (10710 turns).

javelincjr the Fighter (Demonspawn Gladiator)      Turns: 10710, Time: 00:50:18

Health: -39/99     AC:  9    Str: 19    XL:     12   Next: 18%
Magic:  18/18      EV: 16    Int: 10    God:    Makhleb [*****.]
Gold:   734        SH:  0    Dex: 19    Spells: 11/11 levels left

rFire   . . .        P - +4 dagger (chaos)
rCold   . . .        J - orb {*Rage}
rNeg    . . .        T - +0 troll leather armour
rPois   .            (helmet unavailable)
rElec   .            (no cloak)
rCorr   .            (no gloves)
SInv    .            (no boots)
Will    .....        k - amulet of the acrobat
Stlth   +++++        a - ring of flight
HPRegen 1.16/turn    D - +4 ring of protection
MPRegen 0.16/turn

%: random rage (20%), acrobat
@: flying
A: horns 3, thin skeletal structure 2, spiny 2
a: Renounce Religion, Minor Destruction, Lesser Servant of Makhleb, Major
Destruction, Greater Servant of Makhleb


You were in an ice cave.
You worshipped Makhleb.
Makhleb was extremely pleased with you.
You visited 2 branches of the dungeon, and saw 12 of its levels.
You also visited: Ossuary and Ice Cave.

You collected 734 gold pieces.

Inventory:

Hand Weapons
 c - a +3 dagger
 i - a +0 shortbow of freezing
 v - a +0 dagger of venom
 x - a +0 vampiric dagger
 B - a +2 whip of draining
 E - a +0 war axe of venom
 P - a +4 dagger of chaos (weapon)
Missiles
 d - 3 throwing nets (quivered)
 e - 9 javelins
 f - 29 poisoned darts
Armour
 b - +0 steam dragon scales
 s - a +0 chain mail
 u - a +2 buckler
 F - a +2 robe of fire resistance
 G - +0 acid dragon scales
 J - an orb of wrath (worn)
 Q - a +0 plate armour
 T - a +0 troll leather armour (worn)
Jewellery
 a - a ring of flight (left hand)
 k - an amulet of the acrobat (around neck)
 C - a ring of see invisible
 D - a +4 ring of protection (right hand)
 I - a +5 ring of evasion
Wands
 p - a wand of flame (50)
 r - a wand of polymorph (26)
 H - a wand of quicksilver (17)
 K - a wand of roots (11)
 R - a wand of paralysis (3)
Scrolls
 g - 7 scrolls of fear
 m - 6 scrolls of teleportation
 n - 4 scrolls of noise
 w - a scroll of vulnerability
 y - 2 scrolls of blinking
 L - 2 scrolls of enchant weapon
 M - a scroll of identify
 S - a scroll of enchant armour
 V - a scroll of immolation {unknown}
Potions
 h - 5 potions of curing
 j - 2 potions of resistance
 l - 2 potions of attraction
 o - 2 potions of lignification
 q - 3 potions of might
 t - 3 potions of berserk rage
 z - a potion of flight
 A - 3 potions of mutation
 N - 2 potions of heal wounds {unknown}
 O - a potion of invisibility {unknown}
 U - a potion of brilliance {unknown}


   Skills:
 * Level 10.8 Fighting
 - Level 5.0 Short Blades
 + Level 5.0 Axes
 - Level 1.7 Throwing
 + Level 6.6 Armour
 + Level 7.4 Dodging
 + Level 6.2 Stealth
 + Level 6.4 Shields
 + Level 8.5 Invocations


You had 11 spell levels left.
You didn't know any spells.
Your spell library contained the following spells:

 Spells                   Type           Power      Damage    Failure   Level
 Shock                    Conj/Air       0%         1d3       41%         1
 Sting                    Tmut/Pois      0%         1d3       41%         1
 Summon Small Mammal      Summ           0%         N/A       41%         1
 Blink                    Tloc           0%         N/A       54%         2
 Ensorcelled Hibernation  Hex/Ice        0%         N/A       54%         2
 Passwall                 Tmut/Erth      0%         N/A       54%         2
 Poisonous Vapours        Pois/Air       0%         N/A       54%         2
 Call Canine Familiar     Summ           0%         N/A       78%         3
 Summon Guardian Golem    Hex/Summ       0%         N/A       78%         3
 Swiftness                Air            0%         N/A       78%         3
 Vhi's Electric Charge    Tloc/Air       0%         N/A       78%         3
 Airstrike                Air            0%         2d(0-16)  99%         4
 Manifold Assault         Tloc           0%         N/A       99%         4
 Olgreb's Toxic Radiance  Pois           0%         N/A       99%         4
 Arcjolt                  Conj/Air       0%         1d10      100%        5
 Plasma Beam              Fire/Air       0%         2x1d11    100%        6
 Storm Form               Tmut/Air       0%         N/A       100%        7


Dungeon Overview and Level Annotations

Branches:
Dungeon (13/15)            Temple (1/1) D:4            Lair (0/5) D:8
    Orc (0/2) D:9         Ossuary (visited)           IceCv (1/1)
 Vaults: D:13-14

Altars:
Ashenzari
Cheibriados
Dithmenos
Fedhas
Gozag
Hepliaklqana
Kikubaaqudgha
Makhleb
Nemelex Xobeh
Okawaru
Qazlal
Ru
Trog
Uskayaw
Vehumet
Wu Jian
Xom
Yredelemnul

Shops:
D:3 :

Annotations:
IceCv exclusion: ice statue


Innate Abilities, Weirdness & Mutations

You have a pair of large horns on your head.
You have a moderately thin skeletal structure. (Dex +4, Stealth++)
You are mostly covered in sharp spines.


Message History

The death yak is almost dead.
The death yak is struck by your spines. The death yak gores you!
You hit the death yak but do no damage.
The death yak is almost dead.
The death yak is struck by your spines.
You kill the death yak!
Makhleb accepts your kill.
You feel better.
Your Axes skill increases to level 5!
You hit the frost giant but do no damage.
The frost giant is poisoned.
The frost giant hits you with a +2 battleaxe of freezing.
The frost giant freezes you.
You hit the frost giant but do no damage.
Your headbutt misses the frost giant. The frost giant casts a spell at you.
The bolt of cold hits you!!!
The frost giant attacks as you move away!
The frost giant is struck by your spines.
The frost giant barely misses you.
You hit the frost giant. You headbutt the frost giant.
The frost giant is lightly wounded.
You hit the frost giant.
The frost giant's magic leaks into the air.
The frost giant is lightly wounded.
You hit the frost giant but do no damage.
You drain the frost giant.
You headbutt the frost giant, but do no damage.
The frost giant is moderately wounded.
The frost giant's magic is no longer disrupted.
The frost giant hits you with a +2 battleaxe of freezing!!!
* * * LOW HITPOINT WARNING * * *
The frost giant freezes you.
* * * LOW HITPOINT WARNING * * *
Blink to where?
Press: ? - help, Dir - move target
As you read the scroll of blinking, it crumbles to dust.
The frost giant points at you and mumbles some strange words.
The bolt of cold hits you!!!
You die...

# ##..##
#.#.# ###
##..## #..##
#.## ##..##
#.##
...######..#
#..##
....#...#..#
##..##
.....##...##
##..#
.......####
#.#.#
####..##
##..## ####
#@.## ##.##
#.#.### 8
##.○≈≈### ##
##≈○§≈≈#
#≈≈C#########
#≈≈≈Y#.......
#####YY......
#.....###..


You could see a frost giant (very poisoned, drained) and 2 yaks.

Vanquished Creatures
  2 boulder beetles (D:13)
  A two-headed ogre (D:8)
  4 death yaks (IceCv)
  An ugly thing (IceCv)
  A cyclops (D:13)
  A manticore (D:13)
  2 rime drakes (IceCv)
  Psyche (D:8)
  6 polar bears (IceCv)
  4 trolls
  2 hornets
  3 shadows (D:9)
  2 wyverns
  14 yaks
  Eustachio (D:5)
  3 steam dragons
  An acid dragon (D:6)
  Duvessa (D:6)
  5 water moccasins
  An ice beast (D:5)
  6 black bears
  8 sky beasts
  3 ogres
  4 centaurs
  3 wolves (IceCv)
  A phantom (D:7)
  2 kobold brigands
  An elf zombie (Ossuary)
  4 bullfrogs (D:6)
  3 scorpions
  Dowan (D:6)
  4 troll zombies (D:9)
  6 killer bees (D:8)
  2 howler monkeys (D:9)
  2 human zombies (Ossuary)
  A jelly (D:4)
  4 hounds
  3 gnoll boudas (D:6)
  8 orc priests
  5 sleepcaps
  7 iguanas
  10 orc wizards
  2 ogre zombies (D:9)
  A hound zombie (Ossuary)
  5 mummies
  16 gnolls
  9 adders
  A white imp (D:6)
  5 ufetubi
  2 adder zombies (Ossuary)
  5 worms
  4 dart slugs
  32 orcs
  3 endoplasms (D:2)
  4 giant cockroaches
  A gnoll zombie (Ossuary)
  2 hobgoblins
  15 kobolds
  5 quokkas
  4 ball pythons
  3 bats (D:1)
  3 frilled lizards (D:3)
  6 goblins
  4 goblin skeletons (D:9)
  A goblin zombie (Ossuary)
  4 hobgoblin zombies
  14 orc zombies
  3 rats
  A rat zombie (Ossuary)
299 creatures vanquished.

Vanquished Creatures (others)
  A gnoll (D:6)
  A butterfly (D:4)
2 creatures vanquished.

Grand Total: 301 creatures vanquished

Notes
Turn   | Place    | Note
-------+----------+-------------------------------------------
     0 | D:1      | javelincjr the Demonspawn Gladiator began the quest for the
                  | Orb.
     0 | D:1      | Reached XP level 1. HP: 16/16 MP: 1/1
   636 | D:1      | Found a faded altar of an unknown god.
  1136 | D:2      | Gained mutation: You are partially covered in sharp spines.
                  | [demonic ancestry]
  1136 | D:2      | Reached XP level 2. HP: 12/22 MP: 2/2
  1511 | D:2      | Gained mutation: You have a pair of small horns on your
                  | head. [demonic ancestry]
  1511 | D:2      | Reached XP level 3. HP: 28/28 MP: 3/3
  2037 | D:3      | Reached skill level 1 in Armour
  2138 | D:3      | Reached skill level 3 in Fighting
  2139 | D:3      | Found Xuocyuke's Book Boutique.
  2150 | D:3      | Gained mutation: You have a pair of horns on your head.
                  | [demonic ancestry]
  2150 | D:3      | Reached XP level 4. HP: 25/35 MP: 4/4
  2237 | D:3      | Found an opulent altar of Gozag.
  2375 | D:3      | Reached skill level 1 in Shields
  2462 | D:3      | Gained mutation: You have a somewhat thin skeletal
                  | structure. (Dex +2, Stealth+) [demonic ancestry]
  2462 | D:3      | Reached XP level 5. HP: 40/41 MP: 5/5
  2607 | D:3      | Found a radiant altar of Vehumet.
  2607 | D:3      | Found a hide-covered altar of Uskayaw.
  2610 | D:3      | Reached skill level 1 in Short Blades
  2776 | D:3      | Found an ornate altar of the Wu Jian Council.
  2938 | D:4      | Found a hazy altar of Hepliaklqana.
  3071 | D:4      | Reached skill level 4 in Fighting
  3183 | D:4      | Found a staircase to the Ecumenical Temple.
  3193 | Temple   | Entered the Ecumenical Temple
  3193 | Temple   | Found a transporter.
  3193 | Temple   | Found a transporter.
  3196 | Temple   | Found a transporter.
  3196 | Temple   | Found a transporter.
  3235 | Temple   | Became a worshipper of Makhleb the Destroyer
  3349 | D:4      | Noticed a black bear
  3357 | D:4      | Killed a black bear
  3358 | D:4      | Reached XP level 6. HP: 29/48 MP: 6/6
  3577 | D:4      | Found a snail-covered altar of Cheibriados.
  3754 | D:5      | Entered Level 5 of the Dungeon
  3754 | D:5      | Noticed Eustachio
  3778 | D:5      | Reached XP level 7. HP: 37/55 MP: 7/7
  4112 | D:5      | Reached skill level 5 in Fighting
  4379 | D:5      | Reached skill level 1 in Invocations
  4455 | D:5      | Reached * piety under Makhleb
  4781 | D:5      | Reached XP level 8. HP: 60/63 MP: 9/9
  4937 | D:5      | Reached skill level 1 in Stealth
  5069 | D:5      | Killed Eustachio
  5070 | D:5      | Reached skill level 6 in Fighting
  5436 | D:6      | Noticed Duvessa
  5442 | D:6      | Noticed Dowan
  5447 | D:6      | Killed Duvessa
  5466 | D:6      | Killed Dowan
  5468 | D:6      | HP: 1/65 [centaur/arrow (5)]
  5840 | D:6      | Gained mutation: You have a moderately thin skeletal
                  | structure. (Dex +4, Stealth++) [demonic ancestry]
  5840 | D:6      | Reached XP level 9. HP: 51/71 MP: 11/11
  5936 | D:6      | Reached skill level 5 in Dodging
  6026 | D:6      | Reached skill level 7 in Fighting
  6234 | D:6      | Reached ** piety under Makhleb
  6603 | D:6      | Reached skill level 5 in Invocations
  7164 | D:7      | Reached skill level 8 in Fighting
  7228 | D:7      | Gained mutation: You are mostly covered in sharp spines.
                  | [demonic ancestry]
  7228 | D:7      | Reached XP level 10. HP: 73/80 MP: 14/14
  7889 | D:8      | Found a sand-covered staircase.
  7897 | Ossuary  | Entered an ossuary
  7905 | Ossuary  | Reached *** piety under Makhleb
  8122 | D:8      | Found a staircase to the Lair.
  8129 | D:8      | Reached skill level 5 in Armour
  8230 | D:8      | Noticed a two-headed ogre
  8239 | D:8      | Killed a two-headed ogre
  8240 | D:8      | Reached skill level 5 in Short Blades
  8240 | D:8      | Reached skill level 5 in Shields
  8289 | D:8      | Noticed Psyche
  8307 | D:8      | Killed Psyche
  8627 | D:8      | Reached skill level 9 in Fighting
  8728 | D:9      | Reached **** piety under Makhleb
  8904 | D:9      | Gained mutation: You have a pair of large horns on your
                  | head. [demonic ancestry]
  8904 | D:9      | Reached XP level 11. HP: 89/89 MP: 16/16
  8953 | D:9      | Found a sacrificial altar of Ru.
  9017 | D:9      | Reached skill level 5 in Stealth
  9071 | D:9      | Found a staircase to the Orcish Mines.
  9083 | D:9      | Reached ***** piety under Makhleb
  9578 | D:9      | Found a sparkling altar of Nemelex Xobeh.
  9837 | D:10     | Entered Level 10 of the Dungeon
 10046 | D:10     | You fall into a shaft and drop 3 floors!
 10127 | D:13     | Noticed a boulder beetle
 10152 | D:13     | Killed a boulder beetle
 10153 | D:13     | Reached skill level 10 in Fighting
 10155 | D:13     | Found a frozen archway.
 10157 | D:13     | Noticed a boulder beetle
 10188 | D:13     | Killed a boulder beetle
 10226 | IceCv    | Entered an ice cave
 10277 | IceCv    | Noticed a death yak
 10277 | IceCv    | Noticed a death yak
 10285 | IceCv    | Killed a death yak
 10294 | IceCv    | HP: 4/92 [death yak (6)]
 10296 | IceCv    | HP: 1/92 [death yak (17)]
 10297 | IceCv    | Killed a death yak
 10440 | IceCv    | Noticed a death yak
 10449 | IceCv    | Killed a death yak
 10450 | IceCv    | Reached XP level 12. HP: 99/99 MP: 18/18
 10629 | IceCv    | Noticed a death yak
 10629 | IceCv    | Noticed a frost giant
 10702 | IceCv    | Killed a death yak
 10703 | IceCv    | Reached skill level 5 in Axes
 10710 | IceCv    | Killed from afar by a frost giant

Illustrated notes

Levels and vault maps discovered:
D:1:      dpeg_chamrin_arrival_tetris, layout_basic,
          ebering_ecumenical_altar_box, corexii_leaking_fountain
D:2:      layout_loops_ring
D:3:      kb_forest_paths, layout_basic, nicolae_overflow_hidden_temple,
          mainiacjoe_overflow_alcove_2, gammafunk_temple_overflow_elements,
          serial_aquarium, aquarium_bridge_square [aquarium_subvault_wall,
          aquarium_subvault_bridge, aquarium_subvault_wall,
          aquarium_subvault_bridge], aquarium_window_fake, aquarium_window_1,
          aquarium_window_corridor_3, aquarium_window_2, aquarium_view_2b,
          aquarium_view_2c, aquarium_pool_2, serial_shops,
          nicolae_shop_pleasant_corner_grove
D:4:      layout_rooms, mainiacjoe_overflow_concentric_impassable,
          nicolae_elyvilon_peaceful_grove, chei_slow_surprise,
          minmay_temple_entry_statues_pillars
D:5:      cheibrodos_iron_armory, layout_basic, uniq_eustachio
D:6:      layout_basic, minmay_joined_circles, uniq_duvessa
D:7:      layout_basic, grunt_decor_mini_mirrors, grunt_decor_resistance
D:8:      layout_loops_ring, old_standard_altar, david_lair_generic,
          gup_ossuary_entry_pyramid, uniq_psyche
D:9:      layout_stronghold, nicolae_ru_sacrificial_ziggurat,
          nemelex_xobeh_ov_fountains_minmay, zombieorc1_lemuel
D:10:     layout_roguey, kennysheep_orc_sif_temple, kennysheep_cross_bottleneck
D:13:     layout_loops_cross, grunt_vaults_entry_fortified,
          portal_ice_cave_entry_pillars_2, chequers_big_river,
          minmay_misc_feat_alley
Temple:   hellmonk_temple_divided_pantheon
IceCv:    ice_cave_small_giant

Skill      XL: |  1  2  3  4  5  6  7  8  9 10 11 12 |
---------------+-------------------------------------+-----
Axes           | 3 4 5 |  5.0
Dodging        | 3 4 5 6 7 |  7.4
Armour         | 1 2 3 4 5 6 |  6.6
Fighting       | 3 4 5 6 8 9 10 | 10.8
Shields        | 1 2 3 4 5 6 |  6.4
Short Blades   | 1 2 3 4 5 |  5.0
Invocations    | 1 3 5 6 8 |  8.5
Stealth        | 2 3 4 6 |  6.2
Throwing       | |  1.7

Action                     |  1- 3 |  4- 6 |  7- 9 | 10-12 || total
---------------------------+-------+-------+-------+-------++-------
  Melee: War axe           |    38 |       |       |   207 ||   245
         Punch             |     1 |       |       |       ||     1
         Dagger            |    22 |    82 |   419 |   125 ||   648
         Headbutt          |     6 |    28 |   124 |    93 ||   251
         Whip              |       |       |       |     2 ||     2
  Throw: Throwing net      |       |     1 |     1 |       ||     2
  Evoke: Wand              |       |       |       |     1 ||     1
    Use: Scroll            |       |     4 |    10 |     7 ||    21
         Potion            |       |       |     3 |     1 ||     4
   Stab: Sleeping          |       |       |     5 |    20 ||    25
         Distracted        |       |       |       |     1 ||     1
 Armour: Leather armour    |     4 |       |       |       ||     4
         Ring mail         |     4 |       |       |       ||     4
         Scale mail        |       |    22 |    27 |       ||    49
         Acid dragon scale |       |       |    55 |    55 ||   110
         Skin              |       |       |       |     9 ||     9
         Troll leather arm |       |       |       |    35 ||    35
  Dodge: Dodged            |    32 |    24 |   194 |   367 ||   617
  Block: Buckler           |     5 |    13 |    99 |     4 ||   121
